 Dungeon Crawl Stone Soup version 0.30.1-11-g7821555f0a (webtiles) character file.

Game seed: 17999006744551462944

9051 lonewolfV2 the Fighter (level 11, -5/157 HPs)
             Began as a Minotaur Fighter on Nov 10, 2023.
             Was an Elder of Qazlal.
             Slain by a yak (10 damage)
             ... on level 9 of the Dungeon.
             The game lasted 00:13:03 (7930 turns).

lonewolfV2 the Fighter (Minotaur Fighter)           Turns: 7930, Time: 00:13:03

Health: -5/157     AC: 32    Str: 22    XL:     11   Next: 18%
Magic:  13/13      EV:  2    Int: 10    God:    Qazlal [****..]
Gold:   533        SH:  0    Dex: 13    Spells: 10/10 levels left

rFire   + . .        a - +2 war axe (protect)
rCold   + + .        i - +5 kite shield of Magic {Int+5}
rNeg    . . .        l - melded +0 plate armour
rPois   +            (helmet currently unavailable)
rElec   +            (cloak currently unavailable)
rCorr   +            (gloves currently unavailable)
SInv    .            (boots currently unavailable)
Will    .....        m - amulet of the acrobat
Stlth   +            e - +5 ring of evasion
HPRegen 0.46/turn    n - ring of protection from cold
MPRegen 0.13/turn

%: repel missiles, acrobat
@: confused, mighty, lethally poisoned (-5 -> -13), tree-form, resistant,
ambrosia-drunk, under a protective aura
A: stationary, stasis, torment immunity, boosted hp, (horns 2), (retaliatory
headbutt)
a: Renounce Religion, Upheaval, Elemental Force


You were on level 9 of the Dungeon.
You worshipped Qazlal.
Qazlal was greatly pleased with you.
You were a tree.
You visited 2 branches of the dungeon, and saw 10 of its levels.

You collected 533 gold pieces.

Inventory:

Hand Weapons
 a - a +2 war axe of protection (weapon)
Missiles
 h - 2 throwing nets (quivered)
Armour
 b - a +0 scale mail
 c - a +0 buckler
 i - the +5 kite shield of Magic (worn) {Int+5}
   (You acquired it on level 3 of the Dungeon)

   Int:       It affects your intelligence (+5).
 l - a +0 plate armour (melded)
Jewellery
 e - a +5 ring of evasion (left branch)
 m - an amulet of the acrobat (around neck)
 n - a ring of protection from cold (right branch)
 s - a ring of protection from cold
 t - an amulet of reflection
Wands
 p - a wand of roots (5)
 x - a wand of light (3)
Scrolls
 f - 3 scrolls of identify
 r - 3 scrolls of teleportation
Potions
 g - 5 potions of attraction
 j - 4 potions of flight
 o - 2 potions of mutation
 q - 2 potions of degeneration
 u - a potion of haste
 v - a potion of lignification


   Skills:
 - Level 12.7 Fighting
 - Level 2.4 Axes
 - Level 10.7 Armour
 - Level 11.1 Dodging
 - Level 3.6 Shields
 * Level 5.1 Invocations


You had 10 spell levels left.
You didn't know any spells.
Your spell library contained the following spells:

 Spells                   Type           Power      Damage    Failure   Level
 Blink                    Tloc           0%         N/A       78%         2
 Manifold Assault         Tloc           0%         N/A       100%        4
 Storm Form               Tmut/Air       0%         N/A       100%        7


Dungeon Overview and Level Annotations

Branches:
Dungeon (9/15)             Temple (1/1) D:4
   Lair: D:8-11         Orc: D:9-12

Altars:
Ashenzari
Cheibriados
Dithmenos
Fedhas
Gozag
Hepliaklqana
Makhleb
Okawaru
Qazlal
Ru
Sif Muna
Trog
Uskayaw
Wu Jian
Zin
The Shining One

Shops:
D:1 !   D:7 [

Annotations:
D:9 Grum


Innate Abilities, Weirdness & Mutations

You are a tree.
Your roots penetrate the ground, keeping you stationary.
You cannot be teleported.
You are immune to unholy pain and torment.
Your maximum health is greatly increased.
Your equipment is partially melded.
((You have a pair of horns on your head.))
((You reflexively headbutt those who attack you in melee.))


Message History

* * * LOW HITPOINT WARNING * * *
The water moccasin bites you but does no damage.
The wolf closely misses you.
The yak is engulfed in blazing flames.
The yak gores you but does no damage. The yak completely misses you.
The yak is engulfed in freezing vapours.
Really quaff the potion of lignification?
You turn into a tree.
Your +0 plate armour melds into your body.
Your roots penetrate the ground.
* * * LOW HITPOINT WARNING * * *
You feel very sick.
The killer bee is engulfed in blazing flames.
The water moccasin bites you but does no damage.
The wolf bites you.
* * * LOW HITPOINT WARNING * * *
The water moccasin completely misses you.
The killer bee is engulfed in blazing flames.
You kill the killer bee!
Qazlal accepts your kill.
The yak is engulfed in freezing vapours.
The yak gores you but does no damage. x2
The yak is engulfed in freezing vapours.
You kill the yak!
Qazlal accepts your kill.
The water moccasin bites you but does no damage.
The wolf bites you but does no damage.
Your Invocations skill increases to level 5!
You feel very mighty all of a sudden.
* * * LOW HITPOINT WARNING * * *
You feel very sick.
The killer bee is engulfed in a thunderstorm.
You kill the killer bee!
Qazlal accepts your kill.
The water moccasin bites you but does no damage.
The wolf bites you but does no damage. The water moccasin bites you.
* * * LOW HITPOINT WARNING * * *
The water moccasin bites you but does no damage.
Grum snarls, "Who's a good boy?
That's right, Spike... you are!" The yak gores you!
You die...

.#....<...
.........## #
........... .#
♣......?.. .##+##
.........# #......
..P......##.......
P.P....°.......#
P..♣.YhYY○....#
♣..☼S♣Y>....#
♣.PP..§S†......#
♣.P...g##.§....#
....... .......#
P..P.....#.....#
.P......##.....#
P....P#. #######
...P


You could see Grum, 4 yaks, 2 water moccasins and a wolf.

Vanquished Creatures
  An ogre mage (D:8)
  Pikel (D:6)
  2 cyclopes (D:8)
  An unseen horror (D:8)
  Maggie (D:6)
  6 yaks
  6 wyverns
  A basilisk (D:8)
  3 steam dragons (D:8)
  Edmund (D:6)
  An acid dragon (D:8)
  3 water moccasins (D:9)
  3 orc warriors
  A black bear (D:8)
  3 ice beasts
  A sky beast (D:7)
  2 ogres
  3 wolves (D:9)
  A centaur (D:7)
  A phantom (D:4)
  5 bullfrogs (D:8)
  3 scorpions
  Blork the orc (D:4)
  2 gnoll sergeants
  12 wights (D:8)
  4 killer bees (D:9)
  2 howler monkeys
  A jelly (D:6)
  4 gnoll boudas
  2 orc priests
  4 hounds
  Crazy Yiuf (D:6)
  An iron imp (D:6)
  2 sleepcaps
  An iguana (D:7)
  8 orc wizards
  Natasha (D:2)
  25 gnolls
  6 adders
  4 shadow imps
  2 white imps
  An ufetubus (D:5)
  2 worms
  A dart slug (D:3)
  46 orcs
  5 ball pythons
  7 bats
  8 endoplasms
  6 giant cockroaches
  11 hobgoblins
  5 jackals (D:4)
  9 quokkas
  3 frilled lizards
  12 goblins
  8 kobolds
  7 rats
264 creatures vanquished.

Vanquished Creatures (others)
  A wizard (D:3)
  A water moccasin (D:8)
2 creatures vanquished.

Grand Total: 266 creatures vanquished

Notes
Turn   | Place    | Note
-------+----------+-------------------------------------------
     0 | D:1      | lonewolfV2 the Minotaur Fighter began the quest for the
                  | Orb.
     0 | D:1      | Reached XP level 1. HP: 19/19 MP: 0/0
   181 | D:1      | Reached skill level 4 in Fighting
   231 | D:1      | Found Itwing's Distillery.
   270 | D:1      | Reached XP level 2. HP: 26/28 MP: 1/1
   607 | D:1      | Reached skill level 5 in Fighting
   695 | D:1      | Reached XP level 3. HP: 36/36 MP: 2/2
  1157 | D:2      | Noticed Natasha
  1162 | D:2      | Killed Natasha
  1357 | D:2      | Reached XP level 4. HP: 44/44 MP: 3/3
  1360 | D:2      | Reached skill level 6 in Fighting
  2149 | D:3      | Found a bloodstained altar of Trog.
  2150 | D:3      | Noticed a wizard
  2156 | D:3      | Killed a wizard
  2600 | D:3      | Reached XP level 5. HP: 51/51 MP: 4/4
  2678 | D:3      | Reached skill level 7 in Fighting
  2841 | D:3      | Identified a scroll of acquirement
  2841 | D:3      | Acquired the +5 kite shield of Magic {Int+5}
  3302 | D:4      | Noticed a phantom
  3314 | D:4      | Killed a phantom
  3315 | D:4      | Reached skill level 8 in Fighting
  3315 | D:4      | Reached XP level 6. HP: 57/61 MP: 5/5
  3350 | D:4      | Found a staircase to the Ecumenical Temple.
  3376 | Temple   | Entered the Ecumenical Temple
  3433 | Temple   | Became a worshipper of Qazlal Stormbringer
  3579 | D:4      | Noticed Blork the orc
  3590 | D:4      | Killed Blork the orc
  3591 | D:4      | Reached skill level 9 in Fighting
  3923 | D:5      | Entered Level 5 of the Dungeon
  3953 | D:5      | Reached XP level 7. HP: 67/71 MP: 6/6
  3994 | D:5      | Reached skill level 10 in Fighting
  4434 | D:5      | Reached * piety under Qazlal
  4728 | D:6      | Found a burning altar of Makhleb.
  4800 | D:6      | Found a runed translucent door.
  4801 | D:6      | Noticed Crazy Yiuf
  4825 | D:6      | Reached skill level 11 in Fighting
  4934 | D:6      | Noticed Pikel
  4955 | D:6      | Killed Pikel
  4956 | D:6      | Reached skill level 12 in Fighting
  4956 | D:6      | Reached XP level 8. HP: 85/85 MP: 7/7
  4961 | D:6      | Found a snail-covered altar of Cheibriados.
  4965 | D:6      | Reached skill level 1 in Dodging
  4981 | D:6      | Noticed Edmund
  4992 | D:6      | Killed Edmund
  5023 | D:6      | Noticed Maggie
  5035 | D:6      | Killed Maggie
  5036 | D:6      | Reached skill level 5 in Dodging
  5099 | D:6      | Reached XP level 9. HP: 83/92 MP: 8/8
  5425 | D:6      | Killed Crazy Yiuf
  5510 | D:7      | Found Ryosum's Antique Armour Shop.
  5806 | D:7      | Identified the +3 leather armour of Hysteria {rElec}
  5827 | D:7      | Reached ** piety under Qazlal
  6491 | D:8      | Reached skill level 10 in Dodging
  6782 | D:8      | Reached XP level 10. HP: 87/99 MP: 9/9
  6783 | D:8      | Reached *** piety under Qazlal
  6993 | D:8      | Reached skill level 5 in Armour
  6993 | D:8      | Noticed a cyclops
  6995 | D:8      | Noticed an ogre mage
  7008 | D:8      | Noticed a cyclops
  7010 | D:8      | Killed an ogre mage
  7015 | D:8      | Killed a cyclops
  7031 | D:8      | Killed a cyclops
  7036 | D:8      | HP: 3/100 [something (5)]
  7038 | D:8      | Reached skill level 10 in Armour
  7908 | D:9      | Noticed Grum
  7914 | D:9      | Reached skill level 1 in Invocations
  7920 | D:9      | Reached XP level 11. HP: 57/105 MP: 10/12
  7925 | D:9      | Reached **** piety under Qazlal
  7930 | D:9      | Reached skill level 5 in Invocations
  7930 | D:9      | HP: 5/157 [water moccasin (5)]
  7930 | D:9      | Slain by a yak

Illustrated notes

Levels and vault maps discovered:
D:1:      shiori_arrival_elements, layout_basic, serial_shops, shop
D:2:      layout_loops_corners, hex_medium, minmay_octomino_e4, uniq_natasha
D:3:      layout_loops_ring, trog_wizard, minmay_misc_feat_alley,
          minmay_goblin_outpost
D:4:      layout_loops_ring, minmay_temple_entry_butterflies,
          palyth_stone_intersect, st_stairs_3, uniq_blork_the_orc
D:5:      layout_cave_pools
D:6:      layout_loops_ring, slow_altar_1, lightli_temple_of_fire, st_stairs_1,
          uniq_edmund, uniq_maggie, uniq_crazy_yiuf_cottage, uniq_pikel
D:7:      layout_loops_ring, serial_shops, nicolae_shop_tiny_statue_garden
D:8:      nzn_winding_woodlands_stair_cross
          [nzn_winding_woodlands_5x15_longhouse,
          nzn_winding_woodlands_center_garden,
          nzn_winding_woodlands_5x15_concentric,
          nzn_winding_woodlands_5x5_default,
          nzn_winding_woodlands_5x5_perimeter, nzn_winding_woodlands_5x15_cabin,
          nzn_winding_woodlands_center_diamonds,
          nzn_winding_woodlands_5x15_twine], layout_gridville
D:9:      layout_rooms, tgw_kikubaaqudgha, minitemple, minmay_lair_entry_grove,
          dk_noncrumbling_2, nicolae_kite_square_tiling_tiny,
          serial_park_tiny_pond, kennysheep_generic_room_2, uniq_grum
Temple:   nicolae_temple_ecumenical_triangle

Skill      XL: |  1  2  3  4  5  6  7  8  9 10 11 |
---------------+----------------------------------+-----
Fighting       | 4 5 6 8 9 12 | 12.7
Dodging        | 5 11 | 11.1
Armour         | 10 | 10.7
Invocations    | 3 5 |  5.1
Axes           | |  2.4
Shields        | |  3.6

Action                     |  1- 3 |  4- 6 |  7- 9 | 10-12 || total
---------------------------+-------+-------+-------+-------++-------
  Melee: War axe           |    78 |   136 |   275 |    77 ||   566
         Headbutt          |     9 |    21 |    46 |    23 ||    99
 Invoke: Upheaval          |       |       |       |     1 ||     1
  Evoke: Wand              |       |       |       |     1 ||     1
    Use: Scroll            |     1 |    14 |     7 |     3 ||    25
         Potion            |       |       |       |    11 ||    11
 Armour: Scale mail        |    40 |       |       |       ||    40
         Plate armour      |       |    61 |   107 |   111 ||   279
         Skin              |       |       |       |     8 ||     8
  Dodge: Dodged            |    32 |    59 |   146 |   169 ||   406
  Block: Buckler           |    13 |    13 |       |       ||    26
         Kite shield       |       |    68 |   301 |   219 ||   588
